 Dungeon Crawl Stone Soup version 0.25.1-2-g60ff931df9 (webtiles) character file.

Game seed: 7477955800633030790

452 lepoulpe303 the Insei (level 7, -2/45 HPs)
             Began as an Octopode Transmuter on Aug 5, 2020.
             Was a Believer of Cheibriados.
             Slain by Duvessa
             ... wielding a +0 rapier
              (7 damage)
             ... on level 5 of the Dungeon.
             The game lasted 00:15:52 (4058 turns).

lepoulpe303 the Insei (Octopode Transmuter)         Turns: 4058, Time: 00:15:53

Health: -2/45      AC:  1    Str: 15    XL:     7   Next: 5%
Magic:  6/12       EV: 14    Int: 20    God:    Cheibriados [**....]
Gold:   209        SH:  0    Dex: 16    Spells: 2/12 levels left

rFire    x . .     SeeInvis .     - Unarmed
rCold    + + .     Gourm    .   (no shield)
rNeg     + . .     Faith    .   (helmet restricted)
rPois    .         Spirit   .   R - amulet of regeneration
rElec    .         Reflect  .   N - ring of positive energy {rN+}
rCorr    .         Harm     .   I - ring of protection from cold
MR       .....                  o - ring of ice {rC+, rF-}
Stlth    +++.......             (no ring)
HPRegen  0.55/turn              (no ring)
MPRegen  0.13/turn              (no ring)
                                (no ring)
                                (no ring)

@: very slow
A: almost no armour, stealthy swim, amphibious, 8 rings, constrict 8, camouflage
1, gelatinous body 1
a: Bend Time, Renounce Religion


You were on level 5 of the Dungeon.
You worshipped Cheibriados.
Cheibriados was pleased with you.
You were not hungry.

You visited 1 branch of the dungeon, and saw 5 of its levels.

You collected 257 gold pieces.
You spent 48 gold pieces at shops.

Inventory:

Hand Weapons
 r - a +0 short sword of venom
Missiles
 n - 21 poisoned darts (quivered)
 p - 66 arrows
 Q - 50 stones
Jewellery
 o - a ring of ice (on tentacle) {rC+, rF-}
 I - a ring of protection from cold (right tentacle)
 N - a ring of positive energy (left tentacle) {rN+}
 R - an amulet of regeneration (around mantle)
Wands
 g - a wand of acid (11)
Scrolls
 d - 2 scrolls of enchant armour
 f - 3 scrolls of fog
 h - a scroll of immolation {unknown}
 i - 5 scrolls of identify
 m - 2 scrolls of teleportation {unknown}
 w - 2 scrolls of remove curse
 B - 3 scrolls of blinking {!r}
Potions
 a - a potion of degeneration {unknown}
 b - a potion of heal wounds {unknown}
 k - a potion of ambrosia {unknown}
 l - 2 potions of flight {unknown}
 q - 8 potions of curing
Comestibles
 c - 8 chunks of flesh
 e - 5 rations


   Skills:
 + Level 2.2 Fighting
 + Level 2.8 Dodging
 + Level 1.9 Stealth
 * Level 4.5 Unarmed Combat
 * Level 3.4 Spellcasting
 * Level 3.7 Transmutations
 * Level 2.5 Poison Magic


You had 2 spell levels left.
You knew the following spells:

 Your Spells              Type           Power        Failure   Level  Hunger
a - Beastly Appendage     Tmut           ###...       3%          1    None
b - Ice Form              Ice/Tmut       ###.....     54%         4    ####...
c - Spider Form           Tmut/Pois      ###.......   11%         3    ###....
s - Sticks to Snakes      Tmut           ###.....     4%          2    ##.....

Your spell library contained the following spells:

 Spells                   Type           Power        Failure   Level  Hunger
 Animate Skeleton         Necr           N/A          14%         1    None
 Apportation              Tloc           #.....       14%         1    None
 Corona                   Hex            #......      14%         1    None
 Shock                    Conj/Air       #...         14%         1    None
 Summon Small Mammal      Summ           #...         14%         1    None
 Ignite Poison            Fire/Tmut/Pois ##......     17%         3    ###....
 Conjure Flame            Conj/Fire      #.......     38%         3    ###....
 Inner Flame              Hex/Fire       #.......     38%         3    ###....
 Static Discharge         Conj/Air       #.......     38%         3    ###....
 Blade Hands              Tmut           ###.......   63%         5    ######.
 Ring of Flames           Chrm/Fire      #.........   100%        7    #######


Dungeon Overview and Level Annotations

Branches:
Dungeon (5/15)             Temple (0/1) D:4

Altars:
Ashenzari
Cheibriados
Dithmenos
Fedhas
Gozag
Hepliaklqana
Nemelex Xobeh
Vehumet

Shops:
D:4 }*=

Annotations:
D:5 Dowan, Duvessa


Innate Abilities, Weirdness & Mutations

You cannot wear most types of armour.
You are very stealthy in the water. (Stealth+)
You are amphibious.
You can wear up to eight rings at the same time.
You can use your tentacles to constrict eight enemies at once.
Your skin changes colour to match your surroundings (Stealth+).
Your rubbery body absorbs attacks. (AC +1, EV +1)


Message History

You feel slightly more hungry.
Your transformation is almost over.
Duvessa misses you.
You now have 7/12 mp.
Duvessa says, "My weaknesses are his strengths!"
Duvessa misses you.
Dowan gestures wildly while chanting.
Dowan blinks!
The flow of time bends around you.
Cheibriados rebukes Duvessa.
Duvessa seems to slow down.
You feel slightly more hungry. Duvessa misses you.
You now have 4/12 mp.
Duvessa barely misses you. Duvessa barely misses you.
Your tentacle spike disappears.
Duvessa hits you with a +0 rapier!
* * * LOW HITPOINT WARNING * * *
You take 7 damage, and have 3/45 hp.
Duvessa is no longer moving quickly.
Duvessa hits you with a +0 rapier!
You die...

# #.# #...
#.# #.#. #.#
#.#.
######.# #
#. #......#
#. #.######
## #.#
##########.#
#.##
.......@e..#
#...
############
####


You could see Duvessa (slow).

Levels and vault maps discovered:
D:1:      scummos_arrival_star, layout_rooms
D:2:      layout_rooms, nicolae_ashenzari_panopticon, fedhas_altar_3,
          lemuel_crystal_altar
D:3:      layout_loops_cross, cheibriados_altar_1,
          lemuel_coloured_pillars_altar, lemuel_crystal_altar,
          chequers_ecumenical_altar_simple, minmay_fractal_squares_diagonal_5,
          uniq_natasha, uniq_terence, uniq_robin, uniq_jessica
D:4:      layout_basic, chequers_temple_overflow_statue_of_worship,
          minmay_temple_entry_offerings, serial_shops, kennysheep_little_box,
          shop, shop_fountains
D:5:      layout_loops_corners, first_ration, uniq_crazy_yiuf_cottage,
          uniq_duvessa

Notes
Turn   | Place    | Note
-------+----------+-------------------------------------------
     0 | D:1      | lepoulpe303 the Octopode Transmuter began the quest for the
                  | Orb.
     0 | D:1      | Reached XP level 1. HP: 13/13 MP: 3/3
     0 | D:1      | lepoulpe303: !whichgod optm
     0 | D:1      | meem: 44 recent wins for optm: 9x Cheibriados, 6x Wu Jian,
                  | 5x Gozag, 4x Okawaru, 4x Ashenzari, 3x Jiyva, 2x Nemelex
                  | Xobeh, 2x Makhleb, 2x Ru, 2x The Shining One, 2x Uskayaw,
                  | Hepliaklqana, Yredelemnul, Kikubaaqudgha
    41 | D:1      | Identified a +0 club
    89 | D:1      | Identified a +0 club
   102 | D:1      | Identified a +1 dagger of venom
   109 | D:1      | Identified a +0 short sword
   132 | D:1      | Reached XP level 2. HP: 18/18 MP: 5/5
   294 | D:1      | Identified a +0 club
   430 | D:1      | Identified a +0 short sword
   490 | D:1      | Identified a +0 dagger
   646 | D:2      | Identified 2 scrolls of identify
   646 | D:2      | Identified a ring of positive energy (You found it on level
                  | 1 of the Dungeon)
   673 | D:2      | Reached XP level 3. HP: 19/23 MP: 4/6
   687 | D:2      | Found a blossoming altar of Fedhas.
   715 | D:2      | Found a shattered altar of Ashenzari.
   789 | D:2      | Identified a +0 flail
   792 | D:2      | Identified a +0 whip
   792 | D:2      | Identified a +0 halberd
  1054 | D:2      | Reached XP level 4. HP: 11/28 MP: 3/7
  1292 | D:2      | Identified an amulet of regeneration (You found it on level
                  | 2 of the Dungeon)
  1294 | D:2      | Identified 3 scrolls of remove curse
  1295 | D:2      | Identified a ring of teleportation (You found it on level 2
                  | of the Dungeon)
  1331 | D:2      | Found a hazy altar of Hepliaklqana.
  1441 | D:2      | Identified 2 scrolls of enchant armour
  1442 | D:2      | Identified a scroll of amnesia
  1446 | D:2      | Learned a level 2 spell: Sticks to Snakes
  1450 | D:2      | Learned a level 3 spell: Spider Form
  1500 | D:3      | Identified a +0 robe
  1500 | D:3      | Noticed Jessica
  1507 | D:3      | Killed Jessica
  1525 | D:3      | Found a snail-covered altar of Cheibriados.
  1525 | D:3      | Identified a +0 dagger
  1526 | D:3      | Found a sparkling altar of Nemelex Xobeh.
  1526 | D:3      | Identified a +0 dagger
  1530 | D:3      | Identified a +0 hand axe
  1530 | D:3      | Identified a +0 chain mail
  1530 | D:3      | Noticed Terence
  1535 | D:3      | Killed Terence
  1535 | D:3      | Reached skill level 3 in Transmutations
  1535 | D:3      | Reached skill level 1 in Poison Magic
  1535 | D:3      | Reached XP level 5. HP: 34/34 MP: 7/9
  1536 | D:3      | Identified a +0 mace
  1536 | D:3      | Identified a +0 animal skin
  1536 | D:3      | Identified a +0 helmet
  1536 | D:3      | Noticed Robin
  1542 | D:3      | Identified a +0 club
  1546 | D:3      | Killed Robin
  1553 | D:3      | Became a worshipper of Cheibriados the Contemplative
  1741 | D:3      | Noticed Natasha
  1742 | D:3      | Identified a +0 ring mail
  1743 | D:3      | Identified a +0 leather armour
  1745 | D:3      | Found a radiant altar of Vehumet.
  1748 | D:3      | Killed Natasha
  1797 | D:3      | Identified a cursed -3 club
  1800 | D:3      | Identified a +0 club
  1800 | D:3      | Noticed Natasha
  1801 | D:3      | Identified a +0 hand axe
  1801 | D:3      | Identified a +0 short sword
  1815 | D:3      | Killed Natasha
  1815 | D:3      | Reached skill level 1 in Stealth
  1815 | D:3      | Reached skill level 4 in Unarmed Combat
  1815 | D:3      | Reached skill level 3 in Spellcasting
  1821 | D:3      | HP: 6/34 [orc/+0 hand axe (5)]
  1826 | D:3      | HP: 6/34 [poisoned by an adder]
  1827 | D:3      | Identified a +0 giant spiked club
  1827 | D:3      | Noticed an ogre
  1830 | D:3      | HP: 2/34 [orc/+0 hand axe (5)]
  1835 | D:3      | HP: 4/34 [poisoned by an adder]
  1842 | D:3      | HP: 6/34 [bat (1)]
  1879 | D:2      | Reached XP level 6. HP: 30/39 MP: 10/10
  1899 | D:2      | Learned a level 4 spell: Ice Form
  1899 | D:2      | Identified a scroll of fog
  1936 | D:3      | Noticed Natasha
  2009 | D:3      | Identified a +0 whip
  2023 | D:3      | Identified a +0 whip
  2059 | D:3      | Found a faded altar of an unknown god.
  2103 | D:3      | Identified a +0 mace
  2103 | D:3      | Identified a +0 leather armour
  2266 | D:3      | Found a faded altar of an unknown god.
  2456 | D:3      | Reached * piety under Cheibriados
  2583 | D:3      | Found a sparkling altar of Nemelex Xobeh.
  2590 | D:3      | Found a snail-covered altar of Cheibriados.
  2597 | D:3      | Killed Natasha
  2597 | D:3      | Reached skill level 2 in Fighting
  2765 | D:3      | Found a radiant altar of Vehumet.
  2799 | D:4      | Found Plog's Jewellery Emporium.
  2934 | D:4      | Found a staircase to the Ecumenical Temple.
  2938 | D:4      | Identified the Handbook of Burning Attacks
  2962 | D:4      | Found Zaxkemiu's Gadget Shop.
  2984 | D:4      | Found an opulent altar of Gozag.
  2984 | D:4      | Found a shadowy altar of Dithmenos.
  3043 | D:4      | Found Jestac Tibo's General Store.
  3048 | D:4      | Bought a potion of curing for 33 gold pieces
  3048 | D:4      | Bought 14 stones for 15 gold pieces
  3048 | D:4      | Identified 3 scrolls of blinking
  3147 | D:4      | Reached skill level 2 in Poison Magic
  3588 | D:5      | Entered Level 5 of the Dungeon
  3605 | D:5      | Identified a +0 halberd
  3605 | D:5      | Identified a cursed -3 flail
  3615 | D:5      | HP: 8/39 [gnoll/+0 halberd (17)]
  3764 | D:5      | Identified a ring of protection from cold (You found it on
                  | level 4 of the Dungeon)
  3765 | D:5      | Identified a ring of ice (You found it on level 5 of the
                  | Dungeon)
  3791 | D:5      | Identified a +0 falchion
  3791 | D:5      | Identified a +0 chain mail
  3792 | D:5      | Identified a +0 falchion
  3794 | D:5      | Identified a +0 dagger
  3794 | D:5      | Identified a +0 ring mail
  3796 | D:5      | Identified a +0 chain mail
  3950 | D:5      | Identified a +0 ring mail
  3958 | D:5      | Identified a +0 short sword of venom
  3958 | D:5      | Identified a +0 leather armour
  3958 | D:5      | Identified a +0 flail
  3963 | D:5      | Identified a +0 dagger
  3963 | D:5      | Identified a cursed +0 ring mail
  3964 | D:5      | Identified a +0 dagger
  3964 | D:5      | Identified a +0 robe
  3969 | D:5      | Reached ** piety under Cheibriados
  3976 | D:5      | Reached XP level 7. HP: 38/45 MP: 12/12
  4027 | D:5      | Identified a +0 dagger
  4027 | D:5      | Identified a +0 robe
  4027 | D:5      | Noticed Dowan
  4028 | D:5      | Identified a +0 rapier
  4028 | D:5      | Identified a +3 leather armour of fire resistance
  4028 | D:5      | Noticed Duvessa
  4036 | D:5      | HP: 10/45 [Dowan/+0 dagger (4)]
  4036 | D:5      | HP: 4/45 [Duvessa/+0 rapier (6)]
  4041 | D:5      | HP: 8/45 [Duvessa/+0 rapier (5)]
  4046 | D:5      | HP: 4/45 [Duvessa/+0 rapier (3)]
  4055 | D:5      | HP: 3/45 [Duvessa/+0 rapier (8)]
  4058 | D:5      | Slain by Duvessa

Table legend:
 A = Turns spent in this place as a percentage of turns spent in the entire game.
 B = Non-inter-level travel turns spent in this place as a percentage of non-inter-level travel turns spent in the entire game.
 C = Inter-level travel turns spent in this place as a percentage of turns spent in this place.
 D = Turns resting spent in this place as a percentage of non-inter-level travel turns spent in this place.
 E = Turns spent auto-exploring this place as a percentage of non-inter-level travel turns spent in this place.
 F = Non-inter-level travel turns spent in this place divided by the number of levels of this place that you've seen.
                   A       B       C       D       E      F
               +-------+-------+-------+-------+-------+----------------------
         Total | 100.0 | 100.0 |   2.7 |  15.2 |  65.1 | 789.8
       Dungeon | 100.0 | 100.0 |   2.7 |  15.2 |  65.1 | 789.8
               +-------+-------+-------+-------+-------+----------------------

Table legend:
 A = Kills in this place as a percentage of kills in entire the game.
 B = Kills by you in this place as a percentage of kills by you in the entire game.
 C = Kills by friends in this place as a percentage of kills by friends in the entire game.
 D = Other kills in this place as a percentage of other kills in the entire game.
 E = Experience gained in this place as a percentage of experience gained in the entire game.
 F = Experience gained in this place divided by the number of levels of this place that you have seen.
                   A       B       C       D       E      F
               +-------+-------+-------+-------+-------+----------------------
         Total | 100.0 | 100.0 |   N/A |   N/A | 100.0 | 129.4
       Dungeon | 100.0 | 100.0 |   N/A |   N/A | 100.0 | 129.4
               +-------+-------+-------+-------+-------+----------------------

Skill      XL: |  1  2  3  4  5  6 |
---------------+-------------------+-----
Transmutations | 3 |  3.7
Poison Magic   | 1 2 |  2.5
Stealth        | 1 |  1.9
Unarmed Combat | 4 |  4.5
Spellcasting   | 3 |  3.4
Fighting       | 2 |  2.2
Dodging        | |  2.8

Action                   |  1- 3 |  4- 6 |  7- 9 || total
-------------------------+-------+-------+-------++-------
Melee: Unarmed           |    53 |   141 |     6 ||   200
       Constrict         |    11 |    42 |     1 ||    54
       Tentacles         |     4 |    33 |       ||    37
       Punch             |     2 |     4 |       ||     6
       Kick              |     5 |    43 |     1 ||    49
 Cast: Beastly Appendage |     3 |    18 |     1 ||    22
       Sticks to Snakes  |       |     5 |       ||     5
Invok: Bend Time         |       |     2 |     3 ||     5
  Use: Scroll            |     1 |     7 |       ||     8
       Potion            |       |       |     1 ||     1
 Stab: Sleeping          |     2 |     5 |       ||     7
  Eat: Chunk             |       |     5 |       ||     5
       Ration            |       |     1 |       ||     1
Armor: Skin              |     7 |    15 |       ||    22
Dodge: Dodged            |    60 |   123 |    13 ||   196

Vanquished Creatures
  A howler monkey (D:5)
  A hound (D:5)
  An orc wizard (D:5)
  Jessica (D:3)
  Terence (D:3)
  An iguana (D:4)
  Natasha (thrice) (D:3)
  A hound skeleton (D:4)
  Robin (D:3)
  7 gnolls
  2 adders
  A shadow imp (D:3)
  An ooze (D:1)
  A worm (D:2)
  2 dart slugs
  16 orcs
  A giant cockroach (D:1)
  10 goblins
  6 hobgoblins
  6 jackals
  5 kobolds
  4 bats
  3 frilled lizards
  3 rats
79 creatures vanquished.
